 Dungeon Crawl Stone Soup version 0.31-a0-867-g9b2fd80f0c (webtiles) character file.

Game seed: 755292296059636353

1645 BinkBink the Cleaver (level 8, 0/64 HPs)
             Began as a Minotaur Berserker on Oct 11, 2023.
             Was a Priest of Trog.
             Slain by an unseen horror (6 damage)
             ... on level 6 of the Dungeon.
             The game lasted 00:06:16 (5668 turns).

BinkBink the Cleaver (Minotaur Berserker)           Turns: 5668, Time: 00:06:17

Health: 0/64       AC: 11    Str: 24    XL:     8   Next: 67%
Magic:  7/7        EV: 12    Int:  4    God:    Trog [***...]
Gold:   340        SH:  0    Dex: 13    Spells: 7/7 levels left

rFire   + . .        a - +0 hand axe
rCold   + . .        (no shield)
rNeg    . . .        p - +3 leather armour of Death Resistance {+Blink Dex+3}
rPois   .            (helmet restricted)
rElec   .            C - scarf {rC+ rF+}
rCorr   .            (no gloves)
SInv    .            (no boots)
Will    ++...        (no amulet)
Stlth   +            n - +4 ring of protection
HPRegen 1.30/turn    (no ring)
MPRegen 0.10/turn

%: no passive effects
@: strong-willed, regenerating
A: horns 2, retaliatory headbutt
a: Renounce Religion, Evoke Blink, Berserk, Trog's Hand


You were on level 6 of the Dungeon.
You worshipped Trog.
Trog was most pleased with you.
You visited 1 branch of the dungeon, and saw 6 of its levels.
You also visited: Sewer.

You collected 340 gold pieces.

Inventory:

Hand Weapons
 a - a +0 hand axe (weapon)
Missiles
 r - 2 throwing nets
Armour
 p - the +3 leather armour of Death Resistance (worn) {+Blink Dex+3}
   (You found it on level 3 of the Dungeon)

   Dex+3:     It affects your dexterity (+3).
   +Blink:    It lets you blink.
 C - a scarf of resistance (worn)
Jewellery
 d - a ring of fire
 n - a +4 ring of protection (left hand)
 D - a +6 ring of strength
Wands
 B - a wand of flame (9)
Scrolls
 b - a scroll of poison {unknown}
 h - 5 scrolls of teleportation
 j - 4 scrolls of fog
 k - 2 scrolls of revelation {unknown}
 o - a scroll of noise {unknown}
 t - a scroll of silence {unknown}
 u - a scroll of vulnerability {unknown}
 v - a scroll of enchant armour {unknown}
 x - 2 scrolls of blinking {unknown}
 y - 2 scrolls of identify
 z - a scroll of enchant weapon {unknown}
Potions
 c - 4 potions of attraction
 e - 2 potions of curing
 f - a potion of magic {unknown}
 g - 3 potions of ambrosia
 i - 4 potions of enlightenment
 l - a potion of berserk rage {unknown}
 m - 3 potions of heal wounds
 q - a potion of lignification {unknown}
 s - a potion of resistance {unknown}
 w - a potion of haste {unknown}
 A - a potion of brilliance {unknown}
 E - a potion of might {unknown}


   Skills:
 - Level 3.6 Fighting
 * Level 11.7 Axes
 + Level 7.4 Armour
 - Level 2.1 Dodging


You had 7 spell levels left.
You didn't know any spells.
Your spell library was empty.

Dungeon Overview and Level Annotations

Branches:
Dungeon (6/15)             Temple (0/1) D:5           Sewer (visited)

Altars:
Kikubaaqudgha
Okawaru
Zin

Annotations:
D:3 1 runed translucent door, Crazy Yiuf
D:6 1 runed translucent door


Innate Abilities, Weirdness & Mutations

You have a pair of horns on your head.
You reflexively headbutt those who attack you in melee.


Message History

The gnoll bouda shouts!
You hit the water moccasin.
The water moccasin is lightly wounded.
You hit something but do no damage.
You hear an angry hiss.
You hear a shout!
Something hits you. Something hits you but does no damage.
The water moccasin closely misses you. Something hits you!
Something hits you but does no damage. Something hits you. Something hits you.
Something shocks you. Something hits you but does no damage.
Something hits you but does no damage. Something hits you!
The gnoll bouda gazes fiercely through you!
You feel your attacks grow feeble. Something hits you. Something hits you.
Something completely misses you. Something barely misses you.
Something hits you.
You see here a hound corpse.
Your attacks no longer feel as feeble.
Something hits you.
* * * LOW HITPOINT WARNING * * *
Something hits you.
* * * LOW HITPOINT WARNING * * *
The gnoll bouda gazes fiercely through you!
You feel your attacks grow feeble. Something hits you.
* * * LOW HITPOINT WARNING * * *
A sky beast appears from thin air!
Reactivating autopickup.
Something hits you but does no damage.
Deactivating autopickup; reactivate with Ctrl-A.
Something hits you.
* * * LOW HITPOINT WARNING * * *
Something hits you.
* * * LOW HITPOINT WARNING * * *
Your skin crawls.
You feel strong-willed.
You can no longer call in reinforcements.
Your attacks no longer feel as feeble.
Something hits you.
You die...

#.....#......####.......#..
#.S..{#...##.........# ..
#.###.#...##...####### .+
#.....#...##...#
.....#......##...#
#....#.###Sg##...#
##...#.....Y##...#
##.....#.s.##.###
#.....#...#@.#
#.....#..s..## #.........##
##.#.....## #......##
########


You could see a scorpion.

Vanquished Creatures
  Grinder (D:6)
  A water moccasin (D:5)
  A black bear (D:5)
  An ice beast (D:5)
  An ogre (D:5)
  A centaur (D:5)
  A kobold brigand (Sewer)
  5 scorpions
  A howler monkey (D:5)
  5 hounds
  4 jellies
  A gnoll bouda (D:4)
  3 iguanas
  8 adders
  3 gnolls (D:4)
  A river rat (Sewer)
  An ufetubus (D:5)
  4 worms
  2 dart slugs
  An orc (D:4)
  6 endoplasms
  3 giant cockroaches (D:2)
  5 goblins
  9 hobgoblins
  7 jackals
  12 kobolds
  4 quokkas
  11 ball pythons
  4 bats
  2 frilled lizards
  9 rats
118 creatures vanquished.

Vanquished Creatures (others)
  A human (D:3)
1 creature vanquished.

Grand Total: 119 creatures vanquished

Notes
Turn   | Place    | Note
-------+----------+-------------------------------------------
     0 | D:1      | BinkBink the Minotaur Berserker began the quest for the
                  | Orb.
     0 | D:1      | Reached XP level 1. HP: 19/19 MP: 0/0
    22 | D:1      | Reached skill level 4 in Axes
   269 | D:1      | Reached XP level 2. HP: 26/26 MP: 1/1
   875 | D:2      | Reached skill level 5 in Axes
  1031 | D:2      | Reached XP level 3. HP: 18/31 MP: 2/2
  1157 | D:2      | Found a faded altar of an unknown god.
  1159 | D:2      | Reached ** piety under Trog
  1401 | D:2      | Reached skill level 6 in Axes
  1401 | D:2      | Reached XP level 4. HP: 38/39 MP: 3/3
  2097 | D:3      | Identified the +3 leather armour of Death Resistance
                  | {+Blink Dex+3}
  2379 | D:3      | Found an ancient bone altar of Kikubaaqudgha.
  2437 | D:3      | Noticed a human
  2440 | D:3      | Killed a human
  2508 | D:3      | Found a runed translucent door.
  2509 | D:3      | Noticed Crazy Yiuf
  2748 | D:4      | Reached XP level 5. HP: 45/45 MP: 4/4
  2795 | D:4      | Found an iron altar of Okawaru.
  2820 | D:4      | Reached skill level 7 in Axes
  2967 | D:4      | Found a glowing drain.
  2980 | Sewer    | Entered a sewer
  2989 | Sewer    | Reached *** piety under Trog
  3216 | Sewer    | Reached XP level 6. HP: 26/51 MP: 5/5
  3380 | Sewer    | Found a white marble altar of Elyvilon.
  3812 | D:4      | Reached skill level 8 in Axes
  4084 | D:5      | Entered Level 5 of the Dungeon
  4088 | D:5      | Found a staircase to the Ecumenical Temple.
  4240 | D:5      | Reached XP level 7. HP: 57/57 MP: 6/6
  4260 | D:5      | Reached skill level 9 in Axes
  4260 | D:5      | Reached skill level 5 in Armour
  4606 | D:5      | Reached skill level 10 in Axes
  4818 | D:5      | Found a glowing silver altar of Zin.
  4853 | D:5      | Reached XP level 8. HP: 52/64 MP: 7/7
  5106 | D:5      | Reached **** piety under Trog
  5107 | D:5      | Reached skill level 11 in Axes
  5377 | D:6      | Identified the +1 leather armour "Jablubis" {Will+ Int+2}
  5397 | D:6      | Found a runed translucent door.
  5569 | D:6      | Noticed Grinder
  5581 | D:6      | Killed Grinder
  5668 | D:6      | Slain by an unseen horror

Illustrated notes

Levels and vault maps discovered:
D:1:      sevenhm_arrival_forest_fort_large_4, layout_loops_ring
D:2:      layout_basic, ebering_ecumenical_altar_sacrificial, minmay_tripent
D:3:      minmay_general_purpose_star, layout_rooms, tgw_kikubaaqudgha,
          uniq_crazy_yiuf_cottage
D:4:      layout_gridville, mainiacjoe_overflow_six_doors_small,
          cheibrodos_sewer_entry_drain
D:5:      minmay_thinvault, layout_basic, zin_treasury, temple_statues
D:6:      hangedman_cross_stitches, layout_basic, gup_ossuary_entry_pyramid,
          ebering_ghost_sewer_f, uniq_duvessa, uniq_prince_ribbit1, uniq_grinder

Skill      XL: |  1  2  3  4  5  6  7  8 |
---------------+-------------------------+-----
Axes           | 4 5 6 7 8 10 11 | 11.7
Armour         | 3 4 6 7 |  7.4
Fighting       | |  3.6
Dodging        | |  2.1

Action                     |  1- 3 |  4- 6 |  7- 9 || total
---------------------------+-------+-------+-------++-------
  Melee: Hand axe          |    76 |   157 |   110 ||   343
         Headbutt          |    14 |    24 |    30 ||    68
         Punch             |       |       |     1 ||     1
 Invoke: Trog's Hand       |       |       |     1 ||     1
    Use: Scroll            |       |     5 |       ||     5
 Armour: Animal skin       |    45 |    19 |       ||    64
         Leather armour    |       |    79 |    95 ||   174
  Dodge: Dodged            |    59 |    89 |    59 ||   207

Table legend: (Time is in decaauts)
 A = Elapsed time spent in this place.
 B = Non-inter-level travel time spent in this place.
 C = Inter-level travel time spent in this place.
 D = Time resting spent in this place.
 E = Time spent auto-exploring this place.
 F = Levels seen in this place.
 G = Mean time per level.
                   A        B        C        D        E       F      G
               +--------+--------+--------+--------+--------+-----+--------+
         Total |   5710 |   5427 |    283 |    268 |   4245 |   7 |  815.7 |
       Dungeon |   5199 |   4916 |    283 |     87 |   4110 |   6 |  866.5 |
         Sewer |    511 |    511 |      0 |    181 |    135 |   1 |  511.0 |
               +--------+--------+--------+--------+--------+-----+--------+

Top non-repeatable levels by time:
     D:5: 1268 daAuts
     D:2: 1096 daAuts
     D:4: 911 daAuts
     D:1: 859 daAuts
     D:3: 773 daAuts
   Sewer: 511 daAuts
     D:6: 289 daAuts
